 Dungeon Sprint DCSS version 0.21-a0-241-g2cbab09 (webtiles) character file.

426 DrunkNinja the Covert (level 6, -1/42 HPs)
             Began as a Spriggan Enchanter on Sept 3, 2017.
             Slain by a slime creature (17 damage)
             ... in the Dungeon (Sprint I: "Red Sonja").
             The game lasted 00:14:45 (401 turns).

DrunkNinja the Covert (Spriggan Enchanter)           Turns: 401, Time: 00:14:46

Health: -1/42      AC:  2    Str: 10    XL:     6   Next: 64%
Magic:  16/20      EV: 18    Int: 18    God:
Gold:   162        SH:  0    Dex: 16    Spells: 19/25 levels left

rFire    . . .     SeeInvis +   a - +1 dagger
rCold    . . .     Gourm    .   (shield restricted)
rNeg     . . .     Faith    .   b - +0 robe
rPois    .         Spirit   .   (helmet restricted)
rElec    .         Reflect  .   (no cloak)
rCorr    .         Harm     .   (gloves unavailable)
MR       +....     NoTele   +   (boots unavailable)
Stlth    ..........             (no amulet)
HPRegen  0.14/turn              (no ring)
MPRegen  0.17/turn              (no ring)

@: berserking, very quick
A: unfitting armour, see invisible, herbivore 3, speed 3, slow metabolism 2
a: no special abilities


You were in the Dungeon.
You were not hungry.

You visited 1 branch You collected 162 gold pieces.

Inventory:

Hand Weapons
 a - a +1 dagger (weapon)
Armour
 b - a +0 robe (worn)
Scrolls
 j - a scroll of blinking
Potions
 e - a potion of curing
 f - a potion of heal wounds
 g - a potion of haste
 h - 2 potions of magic
 k - a potion of brilliance {unknown}
Books
 c - a book of Maledictions

   Spells                             Type                      Level
   a - Corona                         Hexes                        1
   b - Ensorcelled Hibernation        Hexes/Ice                    2
   c - Confuse                        Hexes                        3
   d - Tukima's Dance                 Hexes                        3
   e - Dazzling Spray                 Conjuration/Hexes            3
Comestibles
 d - a bread ration


   Skills:
 + Level 1.1 Short Blades
 + Level 3.0 Dodging
 + Level 13.1 Stealth
 - Level 10.2 Spellcasting
 + Level 10.5 Hexes


You had 19 spell levels left.
You knew the following spells:

 Your Spells              Type           Power        Failure   Level  Hunger
a - Corona                Hex            #####..      1%          1    None
b - Confuse               Hex            #####...     1%          3    None
c - Ensorcelled Hibernat  Hex/Ice        ####..       1%          2    None


Dungeon Overview and Level Annotations

Branches:
Dungeon (1/1)

Altars:
Cheibriados
Dithmenos
Elyvilon
Fedhas
Hepliaklqana
Kikubaaqudgha
Makhleb
Okawaru
Qazlal
Ru
Sif Muna
Trog
Uskayaw
Vehumet
Wu Jian
Xom
Yredelemnul
Zin
The Shining One
Jiyva
Lugonu

Shops:
D }


Innate Abilities, Weirdness & Mutations

You are very small and have problems with some larger weapons.
You are too small for most types of armour.
You have supernaturally acute eyesight. (SInv)
You are a herbivore.
You cover ground extremely quickly.
You need consume almost no food.


Message History

The slime creature is lightly wounded.
You hit the slime creature but do no damage.
You hit the slime creature.
The slime creature is lightly wounded.
There is a burning altar of Makhleb here.
You hit the slime creature.
The slime creature is lightly wounded.
You hit the slime creature but do no damage.
The slime creature is lightly wounded.
The slime creature jiggles.
You hit the slime creature.
The slime creature is lightly wounded.
An arrow hits the slime creature!
You hit the slime creature but do no damage.
The slime creature is lightly wounded.
The slime creature hits you!
Ouch! That really hurt!
A red film seems to cover your vision as you go berserk!
You feel yourself moving faster!
You feel mighty! The slime creature hits you!
You die...

##################
<.#..'..#.)'..#__#
..').#.)'..#..'J@+
..#####'#####'#__#
.†# #..# #(####
..#__#### ##(#
..#_____##+#_.+
⌠⌠#_.∩...'..._#
###_..__##_.#+#
___ ##+# #


You could see a slime creature (confused).

Vanquished Creatures
  Sigmund (D)
  A yak (D)
  An ogre (D)
  A jelly (D)
  Ijyb (D)
5 creatures vanquished.

Notes
Turn   | Place    | Note
-------+----------+-------------------------------------------
     0 | D        | DrunkNinja the Spriggan Enchanter began the quest for the Orb.
     0 | D        | Reached XP level 1. HP: 9/9 MP: 5/5
     2 | D        | Noticed Ijyb
    12 | D        | Killed Ijyb
    12 | D        | Reached skill level 6 in Stealth
    12 | D        | Reached skill level 5 in Hexes
    12 | D        | Reached XP level 2. HP: 9/13 MP: 5/8
   215 | D        | Noticed an ogre
   219 | D        | Killed an ogre
   219 | D        | Reached skill level 9 in Stealth
   219 | D        | Reached XP level 3. HP: 16/16 MP: 9/12
   219 | D        | Reached XP level 4. HP: 21/21 MP: 9/13
   221 | D        | Noticed Sigmund
   225 | D        | Killed Sigmund
   225 | D        | Reached skill level 11 in Stealth
   225 | D        | Reached XP level 5. HP: 24/24 MP: 10/17
   258 | D        | Found an ornate altar of the Wu Jian Council.
   258 | D        | Found a deep blue altar of Sif Muna.
   260 | D        | Found a radiant altar of Vehumet.
   266 | D        | Reached XP level 6. HP: 28/28 MP: 15/19
   278 | D        | Found Edwusen's Gadget Emporium.
   278 | D        | Found an ancient bone altar of Kikubaaqudgha.
   278 | D        | Found a hazy altar of Hepliaklqana.
   278 | D        | Found a stormy altar of Qazlal.
   278 | D        | Found a hide-covered altar of Uskayaw.
   278 | D        | Found a blossoming altar of Fedhas.
   278 | D        | Found a bloodstained altar of Trog.
   278 | D        | Found an iron altar of Okawaru.
   278 | D        | Found a basalt altar of Yredelemnul.
   278 | D        | Found a glowing golden altar of the Shining One.
   278 | D        | Found a snail-covered altar of Cheibriados.
   278 | D        | Found a sacrificial altar of Ru.
   278 | D        | Found a glowing silver altar of Zin.
   278 | D        | Found a shadowy altar of Dithmenos.
   278 | D        | Found a white marble altar of Elyvilon.
   278 | D        | Noticed a yak
   313 | D        | Learned a level 3 spell: Confuse
   318 | D        | Learned a level 2 spell: Ensorcelled Hibernation
   350 | D        | Killed a yak
   350 | D        | Reached skill level 13 in Stealth
   350 | D        | Reached skill level 10 in Spellcasting
   350 | D        | Reached skill level 10 in Hexes
   386 | D        | Found a burning altar of Makhleb.
   386 | D        | Found a viscous altar of Jiyva.
   386 | D        | Found a shimmering altar of Xom.
   386 | D        | Found a corrupted altar of Lugonu.
   386 | D        | Noticed a slime creature
   401 | D        | Slain by a slime creature

Vault maps used:
D:        dungeon_sprint_1

Skill      XL: |  1  2  3  4  5  6 |
---------------+-------------------+-----
Stealth        | 6 9 11 13 | 13.1
Spellcasting   | 4 6 8 9 10 | 10.2
Hexes          | 5 7 9 10 | 10.5
Short Blades   | |  1.1
Dodging        | |  3.0

Action                   |  1- 3 |  4- 6 || total
-------------------------+-------+-------++-------
Melee: Dagger            |     5 |    16 ||    21
 Cast: Confuse           |       |     3 ||     3
  Use: Potion            |       |     1 ||     1
 Stab: Sleeping          |     2 |     2 ||     4
       Confused          |       |     2 ||     2
Armor: Robe              |       |     1 ||     1
Dodge: Dodged            |     3 |     3 ||     6

Table legend:
 A = Spawn XP
 B = Non-spawn XP
 C = Spawn XP percentage of total XP
 D = Spawn monster count
 E = Non-spawn monster count
 F = Spawn count percentage of total count
 G = Total turns spent on level
                    A         B        C        D         E        F      G
               +---------+---------+-------+---------+---------+-------+---------
         Total |       0 |     609 |   0.0 |       0 |       5 |   0.0 |   401
               +---------+---------+-------+---------+---------+-------+---------
             D |       0 |     609 |   0.0 |       0 |       5 |   0.0 |   401
               +---------+---------+-------+---------+---------+-------+---------
